 Dungeon Crawl Stone Soup version 0.31-b1-18-g61460d1e46 (webtiles) character file.

Game seed: 17005298964105208211

978 groovy9 the Destroyer (level 7, -7/36 HPs)
             Began as a Deep Elf Conjurer on Jan 16, 2024.
             Killed from afar by an electric eel (18 damage)
             ... with a bolt of electricity
             ... on level 4 of the Dungeon.
             The game lasted 00:14:45 (4118 turns).

groovy9 the Destroyer (Deep Elf Conjurer)           Turns: 4118, Time: 00:14:45

Health: -7/36      AC:  6    Str:  4    XL:     7   Next: 95%
Magic:  17/19      EV: 11    Int: 25    God:
Gold:   85         SH:  0    Dex: 13    Spells: 6/20 levels left

rFire   + . .        u - staff of earth
rCold   . . .        (no shield)
rNeg    . . .        q - +3 leather armour
rPois   .            (no helmet)
rElec   .            (no cloak)
rCorr   .            (no gloves)
SInv    +            (no boots)
Will    .....        n - amulet of magic regeneration
Stlth   ++           g - ring of protection from fire
HPRegen 0.26/turn    h - ring of see invisible
MPRegen 0.56/turn

%: no passive effects
@: no status effects
A: no striking features
a: no special abilities


You were on level 4 of the Dungeon.
You visited 1 branch of the dungeon, and saw 4 of its levels.
You also visited: Sewer.

You collected 195 gold pieces.
You spent 110 gold pieces at shops.

Inventory:

Hand Weapons
 k - a +2 short sword of venom
Armour
 a - a +0 robe
 q - a +3 leather armour (worn)
Magical Staves
 u - a staff of earth (weapon)
Jewellery
 g - a ring of protection from fire (left hand)
 h - a ring of see invisible (right hand)
 n - an amulet of magic regeneration (around neck)
 s - an amulet of reflection
Wands
 p - a wand of charming (8)
 w - a wand of flame (11)
Scrolls
 c - 2 scrolls of poison {unknown}
 d - 2 scrolls of fog {unknown}
 f - 3 scrolls of revelation {unknown}
 r - a scroll of silence {unknown}
 t - a scroll of teleportation
Potions
 b - a potion of magic
 e - a potion of curing {unknown}
 i - 3 potions of cancellation {unknown}
 j - 7 potions of heal wounds
 l - 2 potions of might {unknown}
 m - 4 potions of attraction
 o - a potion of mutation {unknown}
 v - a potion of degeneration {unknown}


   Skills:
 + Level 1.5 Armour
 - Level 2.4 Dodging
 - Level 2.4 Stealth
 + Level 7.3 Spellcasting
 * Level 9.1 Conjurations
 + Level 0.5 Evocations


You had 6 spell levels left.
You knew the following spells:

 Your Spells              Type           Power      Damage    Failure   Level
a - Magic Dart            Conj           100%       1d8       1%          1
b - Searing Ray           Conj           100%       2d8       1%          2
c - Fulminant Prism       Conj/Alch      15%        3d10      17%         4
d - Iskenderun's Mystic   Conj/Tloc      31%        2d8       17%         4
e - Stone Arrow           Conj/Erth      94%        3d12      5%          3

Your spell library contained the following spells:

 Spells                   Type           Power      Damage    Failure   Level
 Sandblast                Erth           26%        2d8       12%         1
 Blink                    Tloc           18%        N/A       17%         2
 Call Imp                 Summ           18%        N/A       17%         2
 Cigotuvi's Dreadful Rot  Necr/Alch/Air  18%        N/A       17%         2
 Brom's Barrelling Bould  Conj/Erth      47%        2d6       17%         4
 Passwall                 Erth           13%        N/A       34%         3
 Freezing Cloud           Conj/Ice/Air   12%        6-21      65%         5
 Ignite Poison            Fire/Alch      9%         N/A       75%         4


Dungeon Overview and Level Annotations

Branches:
Dungeon (4/15)              Sewer (visited)
 Temple: D:4-7

Altars:
Elyvilon

Shops:
D:4 *:(*


Message History

The goblin shouts!
Casting: Magic Dart (safe; 1% risk of failure)
Confirm with . or Enter, or press ? or * to list all spells.
Aiming: Magic Dart (safe; 1% risk of failure)
Press: ? - help, Shift-Dir - straight line, f/p - goblin
Aim: a goblin, wielding a +0 club (heavily wounded, 100% to hit)
The magic dart hits the goblin!
You kill the goblin!
There is an entrance to Dedevyerph's Assorted Antiques here.
c - 2 scrolls labelled HIONGI YZUMPOG (gained 1)
f - 3 scrolls labelled MOETO XAITT (gained 1) Thank you for shopping at Dedevyerph's Assorted Antiques!
Okay, then.
You see here a +0 club.
You now have 85 gold pieces (gained 5).
An endoplasm comes into view.
The endoplasm quivers.
There is a transporter here.
You enter the transporter and appear at another place.
w - a wand of flame (11)
You open the door.
Casting: Magic Dart (safe; 1% risk of failure)
Confirm with . or Enter, or press ? or * to list all spells.
You can't see any susceptible monsters within range! (Use Z to cast anyway.)
The electric eel shoots out a bolt of lightning at you!
The bolt of electricity hits you!
There is an open door here.
Casting: Magic Dart (safe; 1% risk of failure)
Confirm with . or Enter, or press ? or * to list all spells.
Aiming: Stone Arrow (dangerous; 5% risk of failure)
Press: ? - help, Shift-Dir - straight line, f - electric eel
Aim: an electric eel (60% to hit)
You feel a surge of power!
The stone arrow misses the electric eel.
The electric eel shoots out a bolt of lightning at you!
The bolt of electricity hits you!
The electric eel shoots out a bolt of lightning at you!
The bolt of electricity hits you!!
Ouch! That really hurt!
You die...

♣#.....###..........#......#
♣##.....####...............# ♣
####....#..##..####......##
#.............#.#..)....## #
###...##...................##
.##.....##.....J..............##
.#.......##.#######............#
..........#.#8.©.8#...........###
.....<...##.#P..@P#.........#....
...#.)......###'###..)...........
......#####.#~...~#.........###..
.....## #...#~...~#..........###.
#..### #...#S...S#.#.##.........
...# .....#~.⌠.~#.# ##.........
...## ......#~...~#..# ##...##...
....#.......#~...~#..# .......#.
............#~...~#... ).†...#.


You could see 2 electric eels and an endoplasm.

Vanquished Creatures
  An ogre (D:4)
  5 kobold brigands (Sewer)
  A scorpion (D:4)
  2 orc priests (D:3)
  Ijyb (D:3)
  2 sleepcaps (D:4)
  2 iguanas (D:4)
  3 orc wizards
  6 adders
  4 gnolls (D:4)
  A river rat (D:3)
  2 dart slugs (D:3)
  3 ribbon worms
  14 orcs
  6 ball pythons
  6 endoplasms
  4 giant cockroaches
  7 goblins
  5 hobgoblins
  2 jackals (D:1)
  3 quokkas
  7 bats
  5 frilled lizards
  20 kobolds
  7 rats
119 creatures vanquished.

Notes
Turn   | Place    | Note
-------+----------+-------------------------------------------
     0 | D:1      | groovy9 the Deep Elf Conjurer began the quest for the Orb.
     0 | D:1      | Reached XP level 1. HP: 10/10 MP: 6/6
   259 | D:1      | Reached XP level 2. HP: 15/15 MP: 6/8
   612 | D:1      | Reached skill level 5 in Conjurations
  1149 | D:2      | Learned a level 2 spell: Searing Ray
  1296 | D:2      | Reached XP level 3. HP: 19/19 MP: 6/10
  1800 | D:2      | Reached XP level 4. HP: 24/24 MP: 7/12
  2158 | D:2      | Found a faded altar of an unknown god.
  2274 | D:3      | Reached skill level 6 in Conjurations
  2413 | D:3      | Reached XP level 5. HP: 26/28 MP: 9/14
  2557 | D:3      | Noticed Ijyb
  2568 | D:3      | Killed Ijyb
  2572 | D:3      | Reached skill level 5 in Spellcasting
  2673 | D:3      | Found a glowing drain.
  2677 | Sewer    | Entered a sewer
  2712 | Sewer    | Reached skill level 7 in Conjurations
  2712 | Sewer    | Reached XP level 6. HP: 27/32 MP: 10/16
  2777 | Sewer    | Learned a level 4 spell: Fulminant Prism
  2782 | Sewer    | Learned a level 4 spell: Iskenderun's Mystic Blast
  2786 | Sewer    | Learned a level 3 spell: Stone Arrow
  3022 | Sewer    | Reached skill level 8 in Conjurations
  3022 | Sewer    | Reached XP level 7. HP: 36/36 MP: 15/18
  3592 | D:4      | Identified the +0 plate armour of Darkness {rC- Str+4
                  | Int+3}
  3707 | D:4      | Reached skill level 1 in Armour
  3727 | D:4      | Found a transporter.
  3735 | D:4      | Found Woaxt's Book Shoppe.
  3736 | D:4      | Found Zizuvy's Antique Weapon Shop.
  3737 | D:4      | Found Kigenaer's General Store.
  3746 | D:4      | Bought a scroll of identify for 20 gold pieces
  3746 | D:4      | Bought a scroll of teleportation for 30 gold pieces
  3881 | D:4      | Reached skill level 9 in Conjurations
  3927 | D:4      | Found a white marble altar of Elyvilon.
  4037 | D:4      | Found Dedevyerph's Assorted Antiques.
  4056 | D:4      | Bought a scroll labelled HIONGI YZUMPOG for 30 gold pieces
  4056 | D:4      | Bought a scroll labelled MOETO XAITT for 30 gold pieces
  4118 | D:4      | Killed from afar by an electric eel

Illustrated notes

Levels and vault maps discovered:
D:1:      dpeg_arrival_lava_temple_mockup, layout_basic
D:2:      layout_basic, shapermc_ecumenical_altar_flowoftime, minivault_26,
          grunt_decor_junction, st_stairs_12, minmay_circle_x
D:3:      layout_basic, gup_sewer_entry_bowl, uniq_ijyb
D:4:      gammafunk_steamed_eel, layout_cave_pools, elyvilon_altar_5,
          serial_shops, shop, nicolae_wooded_promenade

Skill      XL: |  1  2  3  4  5  6  7 |
---------------+----------------------+-----
Conjurations   | 5 6 7 8 9 |  9.1
Spellcasting   | 4 5 6 7 |  7.3
Armour         | 1 |  1.5
Dodging        | |  2.4
Stealth        | |  2.4
Evocations     | |  0.5

Action                     |  1- 3 |  4- 6 |  7- 9 || total
---------------------------+-------+-------+-------++-------
  Melee: Short sword       |       |     8 |       ||     8
   Cast: Magic Dart        |    68 |    28 |    54 ||   150
         Searing Ray       |     2 |    21 |       ||    23
         Stone Arrow       |       |     9 |    35 ||    44
         Iskenderun's Myst |       |     1 |       ||     1
    Use: Scroll            |       |       |     2 ||     2
 Armour: Robe              |     2 |    22 |     1 ||    25
         Leather armour    |       |       |    10 ||    10
  Dodge: Dodged            |     1 |    19 |     5 ||    25
